Map: 2000 Atmospheres LE

Players

cheatAI - Winner!

  • Race: Terran Terran
  • League: Silver
  • Spawn Location: 7:00

Pumba

  • Race: Zerg Zerg
  • League: Bronze
  • Spawn Location: 3:00

VOD

Have the link to the VOD?

Description

Time

  • Played on: July 27, 2021, 5:05 p.m.
  • Length: 13:24
Show
View Real Time Build Order
Export as new Build Order

cheatAI Terran - Winner!

Build Orders: Gas First Reaper Expand, Hellion Opening 

Get SALT Encoding   

  12  0:01  SCV  
  13  0:13  SCV  
  14  0:17  Supply Depot  
  14  0:25  SCV  
  14  0:28  Refinery  
  15  0:38  SCV  
  16  0:45  Barracks  
  16  0:51  SCV  
  17  1:03  SCV  
  18  1:15  SCV  
  19  1:31  Orbital Command  
  19  1:32  Reaper  
  20  1:42  Command Center  
  20  1:53  Factory  
  20  1:57  SCV  
  21  2:01  Refinery  
  21  2:06  Barracks Reactor  
  21  2:14  SCV  
  22  2:20  Supply Depot  
  22  2:26  SCV  
  23  2:47  Starport  
  23  2:49  Hellion  
  23  2:50  Hellion  
  27  2:55  SCV, Orbital Command  
  28  2:58  Barracks Tech Lab  
  28  3:09  SCV  
  28  3:11  Hellion x2  
  33  3:21  SCV  
  33  3:24  Fusion Core  
  34  3:32  Hellion x2  
  34  3:33  Marine  
  39  3:38  SCV x2  
  41  3:45  Supply Depot  
  41  3:50  SCV x2  
  43  3:58  Supply Depot  
  43  4:02  SCV x2  
  45  4:14  SCV x2  
  45  4:15  Battlecruiser  
  49  4:42  SCV  
  49  4:43  SCV  
  49  4:44  Hellion x2  
  46  4:54  SCV  
  46  4:55  SCV  
  48  5:01  Command Center  
  48  5:05  Hellion  
  48  5:06  Hellion  
  52  5:09  SCV x2  
  52  5:12  Refinery  
  52  5:13  Refinery  
  54  5:24  Battlecruiser  
  54  5:27  Hellion  
  62  5:31  Hellion  
  62  5:34  Weapon Refit  
  64  5:39  SCV x2  
  66  5:44  Engineering Bay  
  66  5:49  Starport  
  66  5:57  SCV  
  66  5:58  SCV  
  68  6:09  SCV  
  68  6:10  SCV  
  70  6:19  Missile Turret  
  70  6:22  SCV x2  
  70  6:24  Missile Turret  
  72  6:25  Starport Tech Lab  
  72  6:28  Armory  
  72  6:30  Armory  
  72  6:33  Orbital Command  
  72  6:34  SCV x2  
  74  6:45  Hellion  
  74  6:46  Hellion, SCV x2  
  80  6:50  Supply Depot  
  80  6:56  Supply Depot  
  80  6:58  SCV x2  
  82  7:02  Factory  
  82  7:06  Starport  
  77  7:44  Battlecruiser x2  
  85  7:55  Starport Tech Lab  
  85  7:56  Factory Tech Lab  
  85  7:57  Hellion  
  85  7:58  Hellion  
  85  8:00  Terran Vehicle And Ship Armor Level 1, Terran Ship Weapons Level 1  
  85  8:02  SCV x3  
  88  8:06  Missile Turret  
  88  8:14  SCV x3  
  88  8:19  Hellion x2, Siege Tank  
  98  8:20  Command Center  
  98  8:22  Infernal Pre-Igniter  
  98  8:27  SCV  
  98  8:28  SCV x2  
  98  8:30  Refinery  
  98  8:32  Refinery  
  96  8:59  SCV x3  
  99  9:11  SCV x2  
  101  9:22  SCV, Battlecruiser x2  
  101  9:23  SCV x2  
  116  9:26  Command Center  
  116  9:27  Command Center  
  116  9:29  Command Center  
  116  9:34  SCV  
  117  9:40  Drilling Claws  
  113  9:58  Hellion  
  113  9:59  Hellion x2  
  117  10:02  Planetary Fortress  
  117  10:06  Refinery x2  
  115  10:08  Battlecruiser, Missile Turret  
  115  10:09  Terran Ship Weapons Level 2, Terran Vehicle And Ship Armor Level 2  
  121  10:17  Missile Turret  
  121  10:19  Missile Turret  
  121  10:22  Hellion x3  
  127  10:37  Battlecruiser  
  127  10:39  Missile Turret  
  127  10:41  Missile Turret  
  133  10:46  Orbital Command  
  133  10:47  Orbital Command x2  
  133  10:49  Battlecruiser  
  139  10:51  Hellion x2  
  139  10:52  Hellion  
  139  10:56  Command Center  
  145  11:01  Missile Turret  
  145  11:06  Missile Turret  
  145  11:07  Smart Servos  
  145  11:11  SCV x4  
  149  11:23  Hellion x3  
  155  11:37  Command Center  
  155  11:39  Missile Turret  
  155  11:40  Refinery  
  155  11:43  Refinery  
  155  11:45  Hellion x3  
  159  12:03  Battlecruiser x3  
  159  12:08  Orbital Command  
  177  12:10  Command Center  
  177  12:22  Command Center  
  177  12:27  Command Center  
  177  12:42  Missile Turret  
Show
View Real Time Build Order
Export as new Build Order

Pumba Zerg 

Build Orders: Pool First 

Get SALT Encoding   

  12  0:10  Drone x2  
  14  0:20  Overlord  
  14  0:41  Drone x2  
  16  0:51  Drone  
  16  0:53  Spawning Pool  
  16  1:07  Drone  
  17  1:14  Hatchery  
  17  1:15  Extractor  
  17  1:17  Drone  
  16  1:41  Queen  
  18  2:30  Zergling x4  
  18  2:33  Queen  
  18  2:36  Drone x2  
  24  2:38  Overlord  
  24  4:19  Zergling x16  
  24  4:21  Drone x6  
  36  4:25  Drone  
  20  4:39  Drone x2  
  20  4:43  Drone  
  23  4:46  Drone  
  24  4:56  Queen  
  26  5:04  Hatchery  
  25  5:16  Overlord x2  
  25  5:17  Drone x5  
  30  6:24  Drone x14  
  44  6:42  Overlord  
  44  6:45  Roach Warren  
  44  6:46  Drone x4  
  44  6:47  Drone  
  48  6:59  Spore Crawler  
  48  7:00  Spore Crawler  
  46  7:06  Metabolic Boost  
  38  7:19  Drone x13  
  41  7:25  Queen  
  41  7:27  Roach x3  
  23  8:51  Drone x2  
  23  8:52  Drone x6  
  29  9:02  Overlord  
  29  9:18  Drone x6  
  29  9:19  Drone x2, Overlord x2  
  29  9:20  Overlord x2  
  34  9:44  Evolution Chamber  
  27  9:46  Evolution Chamber  
  27  9:52  Spine Crawler  
  13  10:06  Drone x7  
  20  11:30  Drone x11  
  22  12:57  Overlord  
  22  13:01  Drone x12  
Tags
 
Add a new tag
Caveats
  • Supply blocks, unpowered buildings, or Contaminate may cause inaccurate times.
  • Supply counts are checked every 10 seconds.